 Dungeon Crawl Stone Soup version 0.28-a0-313-gbc0475efdd (webtiles) character file.

Game seed: 5116622262319871110

984 desmos the Basher (level 8, -5/69 HPs)
             Began as a Hill Orc Berserker on Aug 31, 2021.
             Was a Priest of Trog.
             Slain by a gnoll sergeant (6 damage)
             ... on level 5 of the Dungeon.
             The game lasted 00:25:02 (5959 turns).

desmos the Basher (Hill Orc Berserker)              Turns: 5959, Time: 00:25:07

Health: -5/69      AC:  8    Str: 22    XL:     8   Next: 18%
Magic:  8/8        EV: 10    Int: 13    God:    Trog [***...]
Gold:   264        SH:  0    Dex: 10    Spells: 7/7 levels left

rFire   . . .      SeeInvis .   b - +2 dire flail (vorpal)
rCold   . . .      Faith    +   (shield currently unavailable)
rNeg    . . .      Spirit   .   h - +0 scale mail
rPois   .          Reflect  .   (no helmet)
rElec   .          Harm     .   (no cloak)
rCorr   .          Rampage  .   p - +0 pair of gloves
Will    ++...                   (no boots)
Stlth   ..........              n - amulet of faith
HPRegen 1.21/turn               c - +6 ring of intelligence
MPRegen 0.11/turn               (no ring)

@: lethally poisoned (-5 -> -22), strong-willed, regenerating
A: no striking features
a: Renounce Religion, Berserk, Trog's Hand


You were on level 5 of the Dungeon.
You worshipped Trog.
Trog was most pleased with you.
You visited 1 branch of the dungeon, and saw 5 of its levels.

You collected 264 gold pieces.

Inventory:

Hand Weapons
 a - a +0 mace
 b - a +2 vorpal dire flail (weapon)
Armour
 h - a +0 scale mail (worn)
 m - a +0 robe of fire resistance
 p - a +0 pair of gloves (worn)
Jewellery
 c - a +6 ring of intelligence (left hand)
 n - an amulet of faith (around neck)
Wands
 i - a wand of flame (17)
Scrolls
 d - a scroll of teleportation
 f - a scroll of holy word {unknown}
 o - a scroll of identify
 q - a scroll of silence {unknown}
Potions
 e - a potion of flight {unknown}
 g - a potion of might
 j - a potion of degeneration
 k - a potion of berserk rage {unknown}
 l - a potion of mutation {unknown}


   Skills:
 + Level 5.4 Fighting
 * Level 9.1 Maces & Flails
 + Level 3.9 Armour
 - Level 2.0 Dodging
 + Level 0.5 Stealth


You had 7 spell levels left.
You didn't know any spells.
Your spell library was empty.

Dungeon Overview and Level Annotations

Branches:
Dungeon (5/15)
 Temple: D:4-7

Altars:
Qazlal
Sif Muna


Message History

You are no longer poisoned.
You start resting.
HP restored.
You climb downwards.
There is a stone staircase leading up, spattered with blood here.
You hit the gnoll sergeant.
The gnoll sergeant is moderately wounded.
The gnoll sergeant hits you with a +3 trident of venom!
You are poisoned.
You closely miss the gnoll sergeant.
The gnoll sergeant is moderately wounded.
You feel sick.
The gnoll hits you from afar with a +0 spear.
The gnoll sergeant hits you with a +3 trident of venom.
You closely miss the gnoll sergeant.
The gnoll sergeant is moderately wounded.
You feel sick. The gnoll hits you but does no damage.
The gnoll sergeant hits you with a +3 trident of venom!
You are more poisoned.
Your scale mail prevents you from hitting the gnoll sergeant.
The gnoll sergeant is moderately wounded.
You feel very sick. The gnoll closely misses you.
The gnoll sergeant hits you with a +3 trident of venom.
You are lethally poisoned!
Your scale mail prevents you from hitting the gnoll sergeant.
The gnoll sergeant is moderately wounded.
You feel very sick.
The gnoll hits you from afar with a +0 spear.
The gnoll sergeant hits you with a +3 trident of venom!
* * * LOW HITPOINT WARNING * * *
You are more poisoned.
Your skin crawls.
You feel strong-willed.
* * * LOW HITPOINT WARNING * * *
You feel extremely sick.
The gnoll hits you from afar with a +0 spear.
* * * LOW HITPOINT WARNING * * *
The gnoll sergeant hits you with a +3 trident of venom.
You die...

###########
#.........####
#.........#...
###...........#
..#..........#
#............#
#....<.....###.#
#...........#..#
#....@g..#....?##
###.......## ....##
.......g.## #..⌠...
#######...##+......#
#....#..P....#
##......P≈≈P..#
#........PP..gg
#............#.
#.......###....


You could see a gnoll sergeant and a gnoll.

Vanquished Creatures
  Sigmund (D:4)
  2 ogres
  A phantom (D:4)
  2 scorpions (D:4)
  A water moccasin skeleton (D:5)
  A howler monkey (D:4)
  A jelly (D:4)
  2 hounds (D:4)
  Jessica (D:2)
  An iguana (D:4)
  An orc wizard (D:4)
  A hound skeleton (D:4)
  6 adders
  3 gnolls (D:4)
  An ufetubus (D:4)
  An adder skeleton (D:4)
  3 dart slugs
  19 orcs
  11 ball pythons
  3 bats
  5 endoplasms
  4 giant cockroaches
  11 goblins
  8 hobgoblins
  3 quokkas
  5 frilled lizards
  4 kobolds
  4 rats
106 creatures vanquished.

Notes
Turn   | Place    | Note
-------+----------+-------------------------------------------
     0 | D:1      | desmos the Hill Orc Berserker began the quest for the Orb.
     0 | D:1      | Reached XP level 1. HP: 19/19 MP: 1/1
   259 | D:1      | Reached XP level 2. HP: 21/27 MP: 2/2
  1082 | D:1      | Reached skill level 4 in Maces & Flails
  1127 | D:1      | Reached XP level 3. HP: 30/31 MP: 3/3
  1350 | D:1      | Reached ** piety under Trog
  1848 | D:2      | Noticed Jessica
  1854 | D:2      | Killed Jessica
  1855 | D:2      | Reached XP level 4. HP: 32/40 MP: 4/4
  2749 | D:3      | Reached skill level 5 in Maces & Flails
  3361 | D:3      | Reached XP level 5. HP: 46/46 MP: 5/5
  3409 | D:3      | Found a shimmering blue altar of Sif Muna.
  3761 | D:3      | Found a faded altar of an unknown god.
  4126 | D:3      | Identified a scroll of acquirement
  4129 | D:3      | Acquired a +2 vorpal dire flail
  4154 | D:4      | Reached skill level 6 in Maces & Flails
  4412 | D:4      | Reached XP level 6. HP: 53/53 MP: 6/6
  4457 | D:4      | Noticed Sigmund
  4464 | D:4      | Reached *** piety under Trog
  4469 | D:4      | Found a stormy altar of Qazlal.
  4471 | D:4      | Killed Sigmund
  4472 | D:4      | Reached skill level 7 in Maces & Flails
  4472 | D:4      | Reached XP level 7. HP: 60/60 MP: 7/7
  4787 | D:4      | Reached skill level 5 in Fighting
  4787 | D:4      | Reached skill level 8 in Maces & Flails
  5218 | D:5      | Entered Level 5 of the Dungeon
  5279 | D:4      | Reached skill level 9 in Maces & Flails
  5279 | D:4      | Reached XP level 8. HP: 31/68 MP: 8/8
  5959 | D:5      | HP: 1/69 [gnoll (6)]
  5959 | D:5      | Slain by a gnoll sergeant

Illustrated notes

Levels and vault maps discovered:
D:1:      amcnicky_arrival_feature_with_door, layout_loops_ring
D:2:      layout_basic, chequers_arboretum, grunt_ministairs_15,
          corexii_item_surrounded_by_moat, uniq_jessica
D:3:      layout_basic, kennysheep_orc_sif_temple,
          dilly_ecumenical_altar_fadedgnrine, moated_statue
D:4:      layout_gridville, nicolae_qazlal_scattered_showers,
          kennysheep_generic_room_12, uniq_sigmund
D:5:      layout_rooms, tso_oasis_becter, minmay_temple_entry_antechambers,
          serial_shops, shop

Skill      XL: |  1  2  3  4  5  6  7 |
---------------+----------------------+-----
Fighting       | 4 5 |  5.4
Maces & Flails | 4 5 6 7 9 |  9.1
Dodging        | 2 |  2.0
Armour         | 3 |  3.9
Stealth        | |  0.5

Action                   |  1- 3 |  4- 6 |  7- 9 || total
-------------------------+-------+-------+-------++-------
Melee: Mace              |    97 |   121 |       ||   218
       Dire flail        |       |    39 |    92 ||   131
Invok: Berserk           |       |     2 |       ||     2
       Trog's Hand       |       |       |     1 ||     1
  Use: Scroll            |       |     7 |       ||     7
Armor: Animal skin       |    16 |       |       ||    16
       Leather armour    |       |    13 |       ||    13
       Scale mail        |       |    33 |    36 ||    69
       Ring mail         |       |     2 |       ||     2
Dodge: Dodged            |    60 |    79 |    59 ||   198

Table legend: (Time is in decaauts)
 A = Elapsed time spent in this place.
 B = Non-inter-level travel time spent in this place.
 C = Inter-level travel time spent in this place.
 D = Time resting spent in this place.
 E = Time spent auto-exploring this place.
 F = Levels seen in this place.
 G = Mean time per level.
                   A        B        C        D        E       F      G
               +--------+--------+--------+--------+--------+-----+--------+
         Total |   6010 |   5904 |    106 |   1944 |   3044 |   5 | 1202.0 |
       Dungeon |   6010 |   5904 |    106 |   1944 |   3044 |   5 | 1202.0 |
               +--------+--------+--------+--------+--------+-----+--------+

Top non-repeatable levels by time:
     D:4: 1749 daAuts
     D:3: 1570 daAuts
     D:1: 1516 daAuts
     D:2: 1092 daAuts
     D:5: 81 daAuts
